 Dungeon Crawl Stone Soup version 0.31.0-11-ge490571c62 (webtiles) character file.

Game seed: 3399951606357130122

126 javelincjr the Ruffian (level 4, -2/37 HPs)
             Began as a Minotaur Shapeshifter on Feb 7, 2024.
             Slain by an orc wizard
             ... wielding a +0 dagger
              (4 damage)
             ... on level 4 of the Dungeon.
             The game lasted 00:05:15 (2402 turns).

javelincjr the Ruffian (Minotaur Shapeshifter)      Turns: 2402, Time: 00:05:16

Health: -2/37      AC:  2    Str: 20    XL:     4   Next: 83%
Magic:  3/3        EV: 17    Int:  7    God:
Gold:   151        SH:  0    Dex: 10    Spells: 3/3 levels left

rFire   . .          .
                       - Unarmed
rCold   . . .        (no shield)
rNeg    + . .        a - +0 animal skin
rPois   .            (helmet currently unavailable)
rElec   .            (cloak currently unavailable)
rCorr   .            (gloves currently unavailable)
SInv    .            (boots currently unavailable)
Will    .....        (no amulet)
Stlth   +            e - +5 ring of evasion
HPRegen 0.26/turn    j - ring of positive energy
MPRegen 0.08/turn

%: no passive effects
@: confused, beast-form
A: beast (slay +1), horns 2, retaliatory headbutt
a: Begin Untransformation


You were on level 4 of the Dungeon.
You were a hulking beast.
You visited 1 branch of the dungeon, and saw 4 of its levels.

You collected 151 gold pieces.

Inventory:

Missiles
 p - 2 poisoned darts (quivered)
Armour
 a - a +0 animal skin (worn)
 g - a +0 pair of boots
Jewellery
 e - a +5 ring of evasion (left hand)
 j - a ring of positive energy (right hand)
 m - a ring of wizardry
Talismans
 c - a beast talisman
 d - a flux talisman
Scrolls
 f - a scroll of noise {unknown}
 i - a scroll of revelation {unknown}
 k - a scroll of poison {unknown}
 o - a scroll of enchant armour {unknown}
 q - a scroll of teleportation {unknown}
 s - a scroll of identify {unknown}
 t - a scroll of vulnerability {unknown}
Potions
 b - a potion of lignification
 h - 2 potions of heal wounds {unknown}
 l - 2 potions of curing {unknown}
 n - a potion of degeneration {unknown}
 r - a potion of haste {unknown}


   Skills:
 + Level 2.7 Fighting
 + Level 3.1 Dodging
 + Level 4.0 Unarmed Combat
 * Level 3.3 Shapeshifting


You had 3 spell levels left.
You didn't know any spells.
Your spell library contained the following spells:

 Spells                   Type           Power      Damage    Failure   Level
 Magic Dart               Conj           0%         1d3       43%         1
 Searing Ray              Conj           0%         2d4       56%         2
 Fulminant Prism          Conj/Alch      0%         3d5       99%         4
 Summon Forest            Summ/Tloc      0%         N/A       100%        5
 Summon Mana Viper        Hex/Summ       0%         N/A       100%        5
 Summon Cactus Giant      Summ           0%         N/A       100%        6


Dungeon Overview and Level Annotations

Branches:
Dungeon (4/15)
 Temple: D:4-7

Altars:


Innate Abilities, Weirdness & Mutations

You are a hulking beast.
Your limbs bulge with bestial killing power. (Slay +1)
You have a pair of horns on your head.
You reflexively headbutt those who attack you in melee.


Message History

The orc wizard casts a spell at you.
You are confused.
An orc wizard comes into view. It is wielding a +0 dagger.
The orc priest shouts!
The orc wizard shouts!
You are too confused!
You are too confused!
You are too confused!
The jackal attacks as it pursues you! The jackal bites you.
The jackal barely misses you. The jackal misses you.
The orc wizard mumbles some strange words.
The orc wizard flickers and vanishes!
Deactivating autopickup; reactivate with Ctrl-A.
An orc comes into view. It is wielding a +0 whip.
The orc closely misses you.
The orc wizard hits you but does no damage.
The orc shouts!
You hear a shout!
The jackal attacks as it pursues you! The jackal barely misses you.
The orc wizard mumbles some strange words.
The orc wizard flickers and vanishes!
The orc priest begins to cast a cantrip, but forgets the words!
Something hits you but does no damage. The jackal misses you.
You hear a shout!
The jackal misses you. The orc hits you with a +0 mace. Something hits you.
Something barely misses you.
You barely miss the orc priest. The jackal misses you.
The orc barely misses you. The orc hits you with a +0 mace.
Something hits you but does no damage. Something hits you.
The orc priest invokes the aid of Beogh against you.
Beogh smites you!
* * * LOW HITPOINT WARNING * * *
You hit the orc priest but do no damage.
Your headbutt misses the orc priest. The jackal misses you. x2
The orc hits you with a +0 mace!
* * * LOW HITPOINT WARNING * * *
Something hits you.
* * * LOW HITPOINT WARNING * * *
Something hits you.
You die...

## #.# #.##### ###
#.... ..# #..# #.#
##o{####### ###.#
#.hh....... ..#.#
##o{o#########.#.#
#............#.#.#
#..##.######.#..#.###
#.. #/# #.###...<.#
.... ..# #..#.......
.... #### #.........#
###.
########))##.#...#
..........##.....#


You could see an orc priest, 2 orcs and a jackal.

Vanquished Creatures
  2 adders
  4 dart slugs
  3 ribbon worms
  8 orcs
  5 endoplasms
  6 giant cockroaches
  6 hobgoblins
  2 jackals (D:4)
  2 quokkas
  9 ball pythons
  3 bats (D:1)
  6 frilled lizards
  6 goblins
  11 kobolds
  6 rats
79 creatures vanquished.

Notes
Turn   | Place    | Note
-------+----------+-------------------------------------------
     0 | D:1      | javelincjr the Minotaur Shapeshifter began the quest for
                  | the Orb.
     0 | D:1      | Reached XP level 1. HP: 16/16 MP: 0/0
    12 | D:1      | You fall into a shaft and drop 1 floor!
   205 | D:1      | Reached XP level 2. HP: 22/23 MP: 1/1
   377 | D:1      | Reached XP level 3. HP: 28/29 MP: 2/2
  1533 | D:3      | Reached XP level 4. HP: 37/37 MP: 3/3
  2348 | D:4      | Reached skill level 4 in Unarmed Combat
  2402 | D:4      | Slain by an orc wizard

Illustrated notes

Levels and vault maps discovered:
D:1:      lightli_arrival_maybe_door_vault, layout_basic, dk_noncrumbling_2
D:2:      layout_basic
D:3:      layout_loops_ring, lexackson_kobold_supper
D:4:      layout_loops_ring, minmay_temple_entry_waves,
          gammafunk_ghost_nasty_kobolds

Skill      XL: |  1  2  3  4 |
---------------+-------------+-----
Fighting       | 2 |  2.7
Shapeshifting  | 3 |  3.3
Dodging        | 3 |  3.1
Unarmed Combat | 4 |  4.0

Action                     |  1- 3 |  4- 6 || total
---------------------------+-------+-------++-------
  Melee: Unarmed           |    78 |   122 ||   200
         Headbutt          |     6 |    30 ||    36
         Punch             |     1 |     5 ||     6
   Stab: Sleeping          |     2 |       ||     2
 Armour: Animal skin       |    21 |    31 ||    52
  Dodge: Dodged            |    56 |    55 ||   111
